 Dungeon Crawl Stone Soup version 0.31-a0-221-gbddc013574 (webtiles) character file.

Game seed: 12687068811304775615

9319 qw the Skirmisher (level 11, -12/97 HPs)
             Began as a Minotaur Hexslinger on July 3, 2023.
             Was an Elder of Okawaru.
             Mangled by a white ugly thing (25 damage)
             ... on level 9 of the Dungeon.
             The game lasted 00:03:24 (8731 turns).

qw the Skirmisher (Minotaur Hexslinger)             Turns: 8731, Time: 00:03:24

Health: -12/97     AC: 15    Str: 18    XL:     11   Next: 21%
Magic:  13/14      EV: 18    Int: 10    God:    Okawaru [****..]
Gold:   52         SH:  0    Dex: 18    Spells: 11/12 levels left

rFire   . . .        t - +1 orcbow (flame)
rCold   . . .        (shield currently unavailable)
rNeg    . . .        p - +3 ring mail {Will+}
rPois   .            (helmet restricted)
rElec   .            r - +0 cloak
rCorr   .            m - +0 pair of gloves
SInv    +            l - +1 pair of boots
Will    +....        d - amulet of faith
Stlth   ++           a - ring of see invisible
HPRegen 0.36/turn    h - +6 ring of strength
MPRegen 0.14/turn

%: faith
@: about to teleport, heroic
A: horns 2, retaliatory headbutt
a: Renounce Religion, Heroism, Finesse


You were on level 9 of the Dungeon.
You worshipped Okawaru.
Okawaru was greatly pleased with you.
You visited 2 branches of the dungeon, and saw 10 of its levels.

You collected 388 gold pieces.
You spent 336 gold pieces at shops.


Innate Abilities, Weirdness & Mutations

You have a pair of horns on your head.
You reflexively headbutt those who attack you in melee.


   Skills:
 - Level 9.1(14.1) Fighting
 + Level 13.7(18.7) Ranged Weapons
 - Level 5.0(10.0) Armour
 - Level 6.6(11.6) Dodging
 - Level 1.0 Spellcasting
 - Level 2.0 Hexes
 + Level 6.6 Invocations


You had 11 spell levels left.
You knew the following spells:

 Your Spells              Type           Power      Damage    Failure   Level
a - Slow                  Hex            16%        N/A       24%         1

Your spell library contained the following spells:

 Spells                   Type           Power      Damage    Failure   Level
 Inner Flame              Hex/Fire       2%         N/A       71%         3
 Portal Projectile        Hex/Tloc       4%         N/A       71%         3
 Cause Fear               Hex            2%         N/A       93%         4

Inventory:

Hand Weapons
 t - a +1 orcbow of flaming (weapon)
Armour
 e - a +2 robe of fire resistance
 l - a +1 pair of boots (worn)
 m - a +0 pair of gloves (worn)
 p - a +3 ring mail of willpower (worn)
 r - a +0 cloak (worn)
 s - a +0 troll leather armour
Jewellery
 a - a ring of see invisible (left hand)
 d - an amulet of faith (around neck)
 h - a +6 ring of strength (right hand)
 q - an amulet of regeneration
Scrolls
 c - 7 scrolls of identify
 j - 3 scrolls of teleportation
Potions
 b - 2 potions of mutation
 f - a potion of heal wounds
 g - 3 potions of curing
 i - 2 potions of enlightenment
 n - a potion of cancellation
 o - a potion of resistance

Dungeon Overview and Level Annotations

Branches:
Dungeon (9/15)             Temple (1/1) D:4            Lair (0/5) D:9
    Orc: D:9-12

Altars:
Ashenzari
Cheibriados
Dithmenos
Elyvilon
Fedhas
Gozag
Hepliaklqana
Kikubaaqudgha
Makhleb
Nemelex Xobeh
Okawaru
Qazlal
Ru
Sif Muna
Trog
Uskayaw
Vehumet
Wu Jian
Xom
Yredelemnul
Zin
The Shining One

Shops:
D:3 :   D:6 [   D:8 *

Annotations:
D:6 1 runed translucent door, Crazy Yiuf


Message History

There is an open door here.
A white ugly thing comes into view.
The white ugly thing gurgles horribly!
Enter note:
Enter note:
8721 ||| INVOKING Heroism.
You gain the combat prowess of a mighty hero.
You shoot an arrow. The arrow hits the white ugly thing.
The arrow burns the white ugly thing.
The white ugly thing is lightly wounded.
You start resting.
A white ugly thing is nearby!
You shoot an arrow. The arrow hits the white ugly thing!
The arrow burns the white ugly thing.
The white ugly thing is moderately wounded.
You shoot an arrow. The arrow hits the white ugly thing.
The arrow burns the white ugly thing.
The white ugly thing is moderately wounded.
The white ugly thing engulfs you but does no damage.
You shoot an arrow.
The arrow closely misses the white ugly thing.
You shoot an arrow.
The arrow barely misses the white ugly thing.
The white ugly thing engulfs you. The white ugly thing freezes you!
You shoot an arrow. The arrow hits the white ugly thing.
The arrow burns the white ugly thing.
The white ugly thing is moderately wounded.
The white ugly thing closely misses you.
You shoot an arrow.
The arrow closely misses the white ugly thing.
The white ugly thing engulfs you. The white ugly thing freezes you!!
You shoot an arrow. The arrow hits the white ugly thing!
The arrow burns the white ugly thing.
The white ugly thing is heavily wounded.
The white ugly thing engulfs you. The white ugly thing freezes you!!
8731 ||| READING 4 scrolls of teleportation.
As you read the scroll of teleportation, it crumbles to dust.
You feel strangely unstable. The white ugly thing engulfs you.
The white ugly thing freezes you!!
You die...

#..... ..... .... ...
.. #' #u### #.@.#
####.... #######'####
#.....~~ #..........#
#......~ #..........#
#.....~~
#..........#####......~
#..........'..##.......
#..........##..#......~
#..........###..)....~~
#..........# ###.......


You could see a white ugly thing.

Vanquished Creatures
  2 two-headed ogres
  Maggie (D:6)
  A troll (D:7)
  A hornet (D:8)
  15 yaks
  Sigmund (D:5)
  A wraith (D:6)
  A wyvern (D:8)
  Eustachio (D:6)
  4 steam dragons
  An acid dragon (D:9)
  2 water moccasins (D:8)
  2 black bears (D:7)
  A sky beast (D:6)
  5 orc warriors
  An ice beast (D:6)
  An ogre (D:5)
  2 wolves (D:9)
  2 centaurs
  A phantom (D:5)
  A kobold brigand (D:7)
  4 bullfrogs
  3 scorpions (D:6)
  10 wights
  6 killer bees (D:9)
  9 howler monkeys
  6 hounds
  7 orc priests
  2 sleepcaps
  3 iguanas
  Natasha (D:2)
  10 orc wizards
  A mummy (D:4)
  4 adders
  2 white imps
  An ufetubus (D:5)
  A worm (D:2)
  2 dart slugs
  36 orcs
  8 endoplasms
  7 giant cockroaches
  5 goblins
  6 hobgoblins
  5 kobolds
  7 quokkas
  6 ball pythons
  A frilled lizard (D:1)
  5 rats
205 creatures vanquished.

Notes
Turn   | Place    | Note
-------+----------+-------------------------------------------
     0 | D:1      | qw the Minotaur Hexslinger began the quest for the Orb.
     0 | D:1      | Reached XP level 1. HP: 16/16 MP: 1/1
     0 | D:1      | 0 ||| qw: Version: 0.3-a-40-ge99b1a8
     0 | D:1      | 0 ||| qw: Game counter: 566
     0 | D:1      | 0 ||| qw: Melee chars always use a shield: true
     0 | D:1      | 0 ||| qw: God list: Okawaru
     0 | D:1      | 0 ||| qw: Allow faded altars: false
     0 | D:1      | 0 ||| qw: Do Orc after clearing Dungeon:15 true
     0 | D:1      | 0 ||| qw: Do second Lair branch before Depths: true
     0 | D:1      | 0 ||| qw: Lair rune preference: random
     0 | D:1      | 0 ||| qw: Goals: Normal
     0 | D:1      | 0 ||| PLANNING D:1-11
   389 | D:1      | Reached skill level 3 in Ranged Weapons
   546 | D:1      | Reached XP level 2. HP: 23/23 MP: 2/2
   716 | D:1      | 716 ||| UPGRADING to +0 ring mail.
   726 | D:1      | 726 ||| DROPPING +0 robe.
   727 | D:1      | 727 ||| READING scroll labelled QUWKEI PUZUES.
   728 | D:1      | 728 ||| READING scroll labelled DARECH ZETUX.
   829 | D:1      | 829 ||| READING scroll labelled XAIN FEJAU.
   830 | D:1      | 830 ||| READING 2 scrolls labelled IGEPNI VYER.
   833 | D:1      | 833 ||| READING scroll labelled ONOUSE ANOIPUA.
   834 | D:1      | 834 ||| READING scroll labelled ASI KULEEVIBRI.
   835 | D:1      | 835 ||| DROPPING scroll of poison.
  1130 | D:2      | Reached XP level 3. HP: 28/29 MP: 3/3
  1292 | D:2      | 1292 ||| READING scroll of enchant weapon.
  1292 | D:2      | 1292 ||| ENCHANTING +1 heavy sling.
  1520 | D:2      | 1520 ||| UPGRADING to +0 pair of gloves.
  1525 | D:2      | 1525 ||| UPGRADING to amulet of guardian spirit.
  1530 | D:2      | 1530 ||| READING 2 scrolls labelled ZIOSER OZANN.
  1531 | D:2      | 1531 ||| READING scroll labelled FIZ ACZIHUPYVVUE.
  1532 | D:2      | 1532 ||| READING scroll labelled NUNUD SUSUAT.
  1533 | D:2      | 1533 ||| READING 3 scrolls labelled SIM UBEXKOCUU.
  1578 | D:2      | 1578 ||| READING scroll labelled FEDYUZ JETYH.
  1579 | D:2      | 1579 ||| DRINKING 2 blue potions.
  1580 | D:2      | 1580 ||| DROPPING 2 scrolls of torment.
  1581 | D:2      | 1581 ||| DROPPING potion of brilliance.
  1598 | D:3      | 1598 ||| PLANNING SEWER
  1598 | D:3      | 1598 ||| Stepping ~*~*~tactically~*~*~ (outnumbered).
  1600 | D:3      | Noticed Natasha
  1603 | D:3      | Reached skill level 4 in Ranged Weapons
  1605 | D:3      | 1605 ||| STAIRDANCE
  1612 | D:2      | HP: 6/29 [something/magic dart (2)]
  1614 | D:2      | 1614 ||| READING 2 scrolls of teleportation.
  1616 | D:2      | HP: 2/29 [something (2)]
  1760 | D:3      | 1760 ||| STAIRDANCE
  1764 | D:2      | Reached XP level 4. HP: 29/36 MP: 4/4
  1831 | D:3      | 1831 ||| STAIRDANCE
  1833 | D:2      | Killed Natasha
  1847 | D:3      | 1847 ||| STAIRDANCE
  1886 | D:3      | Found a bloodstained altar of Trog.
  1981 | D:3      | Reached skill level 5 in Ranged Weapons
  2022 | D:3      | Reached XP level 5. HP: 41/41 MP: 5/5
  2083 | D:3      | Found Uttaneeh's Vocational Training.
  2118 | D:3      | Found a faded altar of an unknown god.
  2273 | D:3      | 2273 ||| RIP SEWER
  2392 | D:3      | 2392 ||| PLANNING D:1-11
  2440 | D:3      | Reached skill level 3 in Fighting
  2506 | D:3      | Found a broken altar of Ashenzari.
  2607 | D:3      | 2607 ||| UPGRADING to +0 pair of boots.
  2612 | D:3      | 2612 ||| UPGRADING to +1 pair of boots.
  2622 | D:3      | 2622 ||| DROPPING +0 pair of boots.
  2623 | D:3      | 2623 ||| UPGRADING to amulet of faith.
  2633 | D:3      | 2633 ||| DROPPING amulet of guardian spirit.
  2634 | D:3      | 2634 ||| UPGRADING to ring of see invisible.
  2635 | D:3      | 2635 ||| READING scroll labelled ITSOYD XURY.
  2636 | D:3      | 2636 ||| DRINKING 2 bubbling purple potions.
  2637 | D:3      | 2637 ||| DRINKING 2 fizzy ruby potions.
  2638 | D:3      | 2638 ||| READING 2 scrolls of identify.
  2638 | D:3      | 2638 ||| IDENTIFYING smoky silvery potion
  2639 | D:3      | 2639 ||| DROPPING potion of degeneration.
  2771 | D:4      | Found a hide-covered altar of Uskayaw.
  3053 | D:4      | Found a snail-covered altar of Cheibriados.
  3224 | D:4      | Found a staircase to the Ecumenical Temple.
  3225 | D:4      | 3225 ||| PLANNING TEMPLE
  3227 | D:4      | 3227 ||| READING scroll labelled EJUARU MUNNU.
  3228 | D:4      | 3228 ||| READING scroll labelled FOYSAKI URIUSO.
  3228 | D:4      | Identified a scroll of acquirement
  3228 | D:4      | 3228 ||| ACQUIRING +6 ring of strength
  3228 | D:4      | Acquired a +6 ring of strength
  3230 | D:4      | 3230 ||| UPGRADING to +6 ring of strength.
  3231 | D:4      | 3231 ||| DRINKING 2 white potions.
  3237 | Temple   | Entered the Ecumenical Temple
  3238 | Temple   | 3238 ||| PLANNING OKAWARU WORSHIP
  3245 | Temple   | Became a worshipper of Warmaster Okawaru
  3246 | Temple   | 3246 ||| PLANNING D:1-11
  3318 | D:4      | Identified the +2 leather armour of Anarchy {*Corrode Int+2
                  | Dex+3}
  3402 | D:4      | 3402 ||| UPGRADING to +2 leather armour of Anarchy
                  | {*Corrode Int+2 Dex+3}.
  3412 | D:4      | 3412 ||| DROPPING +0 ring mail.
  3434 | D:5      | Entered Level 5 of the Dungeon
  3487 | D:5      | Found a radiant altar of Vehumet.
  3495 | D:5      | Noticed Sigmund
  3499 | D:5      | 3499 ||| DRINKING 2 potions of curing.
  3499 | D:5      | 3499 ||| (to cure confusion)
  3502 | D:5      | Killed Sigmund
  3502 | D:5      | Reached * piety under Okawaru
  3503 | D:5      | Reached skill level 6 in Ranged Weapons
  3503 | D:5      | Reached XP level 6. HP: 51/51 MP: 6/6
  3538 | D:5      | 3538 ||| INVOKING Heroism.
  3546 | D:5      | Reached skill level 1 in Invocations
  3647 | D:5      | Noticed a yak
  3647 | D:5      | Noticed a yak
  3648 | D:5      | Noticed a yak
  3649 | D:5      | Noticed a yak
  3651 | D:5      | Noticed a yak
  3654 | D:5      | 3654 ||| INVOKING Heroism.
  3656 | D:5      | HP: 12/52 [yak (12)]
  3657 | D:5      | 3657 ||| READING 4 scrolls of teleportation.
  3658 | D:5      | 3658 ||| DRINKING potion of heal wounds.
  3659 | D:5      | Killed a yak
  3660 | D:5      | Reached XP level 7. HP: 37/60 MP: 4/7
  3789 | D:5      | 3789 ||| INVOKING Heroism.
  3876 | D:5      | Reached skill level 7 in Ranged Weapons
  3876 | D:5      | Reached skill level 3 in Invocations
  3895 | D:5      | Reached ** piety under Okawaru
  3934 | D:5      | Killed a yak
  3935 | D:5      | Reached skill level 3 in Dodging
  3935 | D:5      | 3935 ||| INVOKING Heroism.
  3938 | D:5      | Killed a yak
  3939 | D:5      | Reached XP level 8. HP: 41/67 MP: 6/10
  3939 | D:5      | Reached *** piety under Okawaru
  3940 | D:5      | Reached skill level 8 in Ranged Weapons
  4219 | D:5      | 4219 ||| READING scroll labelled OGODEYKUQI.
  4220 | D:5      | 4220 ||| DRINKING 2 bubbling golden potions.
  4221 | D:5      | 4221 ||| READING 2 scrolls of identify.
  4221 | D:5      | 4221 ||| IDENTIFYING murky black potion
  4264 | D:6      | Noticed Maggie
  4270 | D:6      | 4270 ||| INVOKING Heroism.
  4274 | D:6      | HP: 12/70 [Maggie/bolt of fire (31)]
  4275 | D:6      | 4275 ||| READING 5 scrolls of teleportation.
  4368 | D:6      | 4368 ||| FLEEEEING.
  4369 | D:6      | 4369 ||| FLEEEEING.
  4370 | D:6      | 4370 ||| FLEEEEING.
  4371 | D:6      | 4371 ||| STAIRDANCE
  4474 | D:6      | 4474 ||| STAIRDANCE
  4476 | D:5      | 4476 ||| INVOKING Heroism.
  4573 | D:6      | Noticed Eustachio
  4574 | D:6      | 4574 ||| INVOKING Heroism.
  4583 | D:6      | 4583 ||| Stepping ~*~*~tactically~*~*~ (outnumbered).
  4590 | D:6      | Killed Eustachio
  4644 | D:6      | Reached skill level 9 in Ranged Weapons
  4646 | D:6      | Noticed a two-headed ogre
  4648 | D:6      | 4648 ||| INVOKING Heroism.
  4658 | D:6      | Killed a two-headed ogre
  4659 | D:6      | Reached skill level 6 in Dodging
  4659 | D:6      | Reached XP level 9. HP: 24/75 MP: 9/11
  4841 | D:6      | 4841 ||| INVOKING Heroism.
  4857 | D:6      | Reached skill level 6 in Fighting
  4936 | D:6      | Found Enkow's Antique Armour Shoppe.
  4951 | D:6      | 4951 ||| BUYING runed ring mail (119 gold).
  4951 | D:6      | Bought a runed ring mail for 119 gold pieces
  4980 | D:6      | 4980 ||| INVOKING Heroism.
  4986 | D:6      | Reached skill level 10 in Ranged Weapons
  5070 | D:6      | 5070 ||| FLEEEEING.
  5137 | D:6      | 5137 ||| INVOKING Heroism.
  5356 | D:6      | 5356 ||| INVOKING Heroism.
  5363 | D:6      | Killed Maggie
  5364 | D:6      | Reached skill level 11 in Ranged Weapons
  5547 | D:6      | Received a gift from Okawaru
  5686 | D:6      | Found a runed translucent door.
  5687 | D:6      | Noticed Crazy Yiuf
  5758 | D:6      | 5758 ||| UPGRADING to +3 ring mail of willpower.
  5768 | D:6      | 5768 ||| DROPPING +2 leather armour of Anarchy {*Corrode
                  | Int+2 Dex+3}.
  5769 | D:6      | 5769 ||| DRINKING 3 bubbling green potions.
  5828 | D:7      | 5828 ||| INVOKING Heroism.
  5851 | D:7      | Found a blossoming altar of Fedhas.
  5910 | D:7      | Reached skill level 3 in Armour
  5974 | D:7      | 5974 ||| READING scroll of enchant weapon.
  5974 | D:7      | 5974 ||| ENCHANTING +2 heavy sling.
  5987 | D:7      | Reached XP level 10. HP: 78/86 MP: 12/12
  6101 | D:7      | Found a shadowy altar of Dithmenos.
  6340 | D:7      | 6340 ||| INVOKING Heroism.
  6351 | D:7      | 6351 ||| Stepping ~*~*~tactically~*~*~ (outnumbered).
  6353 | D:7      | 6353 ||| INVOKING Heroism.
  6365 | D:7      | Reached skill level 12 in Ranged Weapons
  6369 | D:7      | 6369 ||| INVOKING Heroism.
  6442 | D:7      | 6442 ||| SWAPPING to +0 orcbow.
  6443 | D:7      | 6443 ||| DROPPING +3 heavy sling.
  6444 | D:7      | 6444 ||| READING 2 scrolls of brand weapon.
  6444 | D:7      | 6444 ||| BRANDING +0 orcbow.
  6445 | D:7      | 6445 ||| READING scroll of brand weapon.
  6445 | D:7      | 6445 ||| BRANDING +0 orcbow of freezing.
  6553 | D:7      | 6553 ||| INVOKING Heroism.
  6555 | D:7      | 6555 ||| Stepping ~*~*~tactically~*~*~ (cloud).
  6767 | D:7      | 6767 ||| UPGRADING to +0 cloak.
  6796 | D:8      | 6796 ||| INVOKING Heroism.
  6822 | D:8      | Paralysed by a hornet for 1 turns
  6889 | D:8      | 6889 ||| INVOKING Heroism.
  7073 | D:8      | Received a gift from Okawaru
  7167 | D:8      | Reached skill level 13 in Ranged Weapons
  7190 | D:8      | 7190 ||| INVOKING Heroism.
  7201 | D:8      | Reached **** piety under Okawaru
  7202 | D:8      | Reached skill level 9 in Fighting
  7210 | D:8      | HP: 16/91 [yak (9)]
  7211 | D:8      | 7211 ||| READING 5 scrolls of teleportation.
  7597 | D:8      | 7597 ||| INVOKING Heroism.
  7692 | D:8      | 7692 ||| INVOKING Heroism.
  7696 | D:8      | 7696 ||| Stepping ~*~*~tactically~*~*~ (outnumbered).
  7820 | D:8      | 7820 ||| INVOKING Heroism.
  7958 | D:8      | 7958 ||| Stepping ~*~*~tactically~*~*~ (outnumbered).
  8058 | D:8      | Found Conen's Assorted Antiques.
  8063 | D:8      | 8063 ||| SHOPLISTING runed swamp dragon scales (1537 gold,
                  | have 244).
  8063 | D:8      | 8063 ||| BUYING scroll of enchant weapon (217 gold).
  8063 | D:8      | Bought a scroll of enchant weapon for 217 gold pieces
  8063 | D:8      | 8063 ||| SHOPLISTING shimmering tin ring (145 gold, have
                  | 27).
  8063 | D:8      | 8063 ||| READING scroll of enchant weapon.
  8063 | D:8      | 8063 ||| ENCHANTING +0 orcbow of flaming.
  8139 | D:8      | 8139 ||| DROPPING ring of flight.
  8140 | D:8      | 8140 ||| DROPPING ring of wizardry.
  8178 | D:9      | 8178 ||| STAIRDANCE
  8181 | D:8      | Reached XP level 11. HP: 86/97 MP: 14/14
  8339 | D:9      | 8339 ||| Stepping ~*~*~tactically~*~*~ (outnumbered).
  8371 | D:9      | Reached skill level 6 in Invocations
  8391 | D:9      | 8391 ||| INVOKING Heroism.
  8418 | D:9      | Noticed a two-headed ogre
  8424 | D:9      | 8424 ||| INVOKING Heroism.
  8429 | D:9      | Killed a two-headed ogre
  8497 | D:9      | Found a staircase to the Lair.
  8570 | D:9      | 8570 ||| INVOKING Heroism.
  8609 | D:9      | 8609 ||| INVOKING Heroism.
  8720 | D:9      | Noticed a white ugly thing
  8721 | D:9      | 8721 ||| INVOKING Heroism.
  8730 | D:9      | HP: 14/97 [white ugly thing (22)]
  8731 | D:9      | 8731 ||| READING 4 scrolls of teleportation.
  8731 | D:9      | Mangled by a white ugly thing

Levels and vault maps discovered:
D:1:      sevenhm_arrival_forest_fort_small_4, layout_loops_cross, serial_bayou,
          serial_bayou_lake_a, serial_bayou_crossing, serial_bayou_pond_c,
          serial_bayou_shore_b
D:2:      layout_loops_ring, minmay_octomino_c4
D:3:      layout_loops_ring, mainiacjoe_overflow_catwalk,
          ashenzari_conservatory_becter, basic_ecumenical_altar,
          portal_sewer_entry_f, nicolae_shop_vocational, uniq_natasha
D:4:      layout_gridville, mainiacjoe_overflow_boulevard, slow_altar_1,
          minmay_temple_entry_proselytizer
D:5:      layout_cave_pools, nicolae_vehumet_radiance, uniq_sigmund
D:6:      layout_gridville, serial_shops, shop, uniq_crazy_yiuf_cottage,
          uniq_maggie, uniq_eustachio
D:7:      layout_basic, mainiacjoe_overflow_catch_the_wave,
          minmay_misc_feat_diagonals, minmay_manual_macuahuitl
D:8:      kennysheep_blocky_hall, layout_gridville, serial_glass,
          glass_columns_b, glass_columns_a, serial_shops, shop
D:9:      layout_roguey, erik_lair_island
Temple:   nicolae_temple_no_exploring_needed

Skill      XL: |  1  2  3  4  5  6  7  8  9 10 11 |
---------------+----------------------------------+-----
Ranged Weapons | 3 4 5 6 7 9 11 13 | 13.7
Fighting       | 2 3 4 5 7 9 |  9.1
Armour         | 2 3 5 |  5.0
Invocations    | 2 4 5 6 |  6.6
Dodging        | 3 6 |  6.6
Spellcasting   | |  1.0
Hexes          | |  2.0

Action                     |  1- 3 |  4- 6 |  7- 9 | 10-12 || total
---------------------------+-------+-------+-------+-------++-------
   Fire: Sling             |    53 |   104 |   204 |    39 ||   400
         Orcbow            |       |       |       |   305 ||   305
 Invoke: Heroism           |       |     2 |    11 |    15 ||    28
    Use: Scroll            |    13 |     5 |     4 |     5 ||    27
         Potion            |     1 |     5 |     2 |       ||     8
 Armour: Ring mail         |    27 |    12 |     9 |    69 ||   117
         Leather armour    |       |     9 |    20 |       ||    29
  Dodge: Dodged            |    38 |    32 |   115 |   166 ||   351

Table legend:
 A = Non-vault XP
 B = Vault XP
 C = Vault XP percentage of total XP
 D = Non-vault monster count
 E = Vault monster count
 F = Vault count percentage of total count
                 A         B        C        D         E       F
            +---------+---------+-------+---------+---------+-------
      Total |   10948 |    2366 |  17.8 |     170 |      35 |  17.1
            +---------+---------+-------+---------+---------+-------
        D:1 |      15 |       0 |   0.0 |       9 |       0 |   0.0
        D:2 |      64 |      57 |  47.1 |      12 |       7 |  36.8
        D:3 |      93 |      12 |  11.4 |      15 |       6 |  28.6
        D:4 |      31 |      59 |  65.6 |      14 |       2 |  12.5
        D:5 |    1407 |     214 |  13.2 |      13 |       1 |   7.1
        D:6 |    2493 |     574 |  18.7 |      25 |       2 |   7.4
        D:7 |    1189 |     685 |  36.6 |      20 |       7 |  25.9
        D:8 |    3854 |     365 |   8.7 |      46 |       4 |   8.0
        D:9 |    1802 |     400 |  18.2 |      16 |       6 |  27.3
            +---------+---------+-------+---------+---------+-------
